 Dungeon Crawl Stone Soup version 0.27-a0-1595-g0b823d0a13 (webtiles) character file.

Game seed: 12101551920084904510

5414 pkoi the Grappler (level 10, -1/90 (96) HPs)
             Began as a Troll Monk on July 20, 2021.
             Was a Priest of Dithmenos.
             Slain by a troll (8 damage)
             ... on level 9 of the Dungeon.
             The game lasted 00:11:45 (8738 turns).

pkoi the Grappler (Troll Monk)                      Turns: 8738, Time: 00:11:46

HP:   -1/90 (96)    AC:  8    Str: 24    XL:     10   Next: 40%
MP:   10/10         EV: 11    Int:  6    God:    Dithmenos [***...]
Gold: 551           SH:  0    Dex: 12    Spells: 9/9 levels left

rFire    . . .     SeeInvis +     - Unarmed
rCold    . . .     Faith    .   (no shield)
rNeg     . . .     Spirit   .   i - +0 troll leather armour
rPois    +         Reflect  .   (helmet restricted)
rElec    .         Harm     .   o - +1 cloak {rPois}
rCorr    .         Rampage  .   (gloves unavailable)
Will     .....                  (boots unavailable)
Stlth    ++........             (no amulet)
HPRegen  2.25/turn              q - ring of see invisible
MPRegen  0.12/turn              (no ring)

@: about to teleport, slowed, wreathed by umbra, studying Throwing, drained,
very slow
A: large, unfitting armour, claws 3, regeneration 1, shaggy fur 1, tough skin 1
a: Renounce Religion, Shadow Step


You were on level 9 of the Dungeon.
You worshipped Dithmenos.
Dithmenos was most pleased with you.
You visited 2 branches of the dungeon, and saw 11 of its levels.
You also visited: Sewer.

You collected 551 gold pieces.

Inventory:

Missiles
 a - 4 large rocks
 r - a throwing net
 w - 285 stones (quivered)
 C - a curare-tipped dart
Armour
 c - a +0 robe
 i - a +0 troll leather armour (worn)
 o - a +1 cloak of poison resistance (worn)
Jewellery
 q - a ring of see invisible (left claw)
 u - a ring of poison resistance
 x - a ring of fire
 y - a ring of ice
Wands
 k - a wand of charming (4)
 z - a wand of polymorph (11)
Scrolls
 b - a scroll of summoning
 f - 2 scrolls of teleportation
 l - 4 scrolls of vulnerability
 p - 9 scrolls of identify
 B - a scroll of enchant armour
Potions
 d - 6 potions of heal wounds {unknown}
 e - 8 potions of curing {unknown}
 g - 2 potions of degeneration {unknown}
 h - a potion of flight
 j - a potion of cancellation {unknown}
 m - 3 potions of mutation {unknown}
 n - 3 potions of magic {unknown}
 s - a potion of ambrosia {unknown}
 v - a potion of lignification {unknown}
Miscellaneous
 t - a box of beasts


   Skills:
 + Level 5.5 Fighting
 + Level 6.5 Throwing
 + Level 5.5 Dodging
 - Level 1.9 Stealth
 * Level 10.9 Unarmed Combat
 + Level 2.3 Invocations
 - Level 2.8 Evocations


You had 9 spell levels left.
You didn't know any spells.
Your spell library contained the following spells:

 Spells                   Type           Power      Damage    Failure   Level
 Corona                   Hex            0%         N/A       50%         1
 Magic Dart               Conj           0%         1d3       50%         1
 Call Imp                 Summ           0%         N/A       65%         2
 Ensorcelled Hibernation  Hex/Ice        0%         N/A       65%         2
 Searing Ray              Conj           0%         3d3       65%         2
 Mephitic Cloud           Conj/Pois/Air  0%         N/A       86%         3
 Tukima's Dance           Hex            0%         N/A       86%         3
 Animate Dead             Necr           0%         N/A       99%         4
 Fulminant Prism          Conj/Hex       0%         3d6       99%         4
 Borgnjor's Vile Clutch   Necr/Erth      0%         N/A       100%        5
 Summon Forest            Summ/Tloc      0%         N/A       100%        5
 Summon Mana Viper        Hex/Summ       0%         N/A       100%        5
 Death Channel            Necr           0%         N/A       100%        6
 Shadow Creatures         Summ           N/A        N/A       100%        6
 Chain Lightning          Conj/Air       0%         N/A       100%        9
 Fire Storm               Conj/Fire      0%         5d1       100%        9


Dungeon Overview and Level Annotations

Branches:
Dungeon (10/15)            Temple (1/1) D:6            Lair (0/6) D:9
  Sewer (visited)
    Orc: D:9-12

Altars:
Cheibriados
Dithmenos
Elyvilon
Fedhas
Gozag
Hepliaklqana
Kikubaaqudgha
Makhleb
Nemelex Xobeh
Okawaru
Ru
Sif Muna
Trog
Uskayaw
Vehumet
Wu Jian
Xom
Yredelemnul
Zin
The Shining One

Annotations:
D:3 3 runed translucent doors, lewky's ghost, weakling GrBe
D:7 Prince Ribbit
D:10 Josephine


Innate Abilities, Weirdness & Mutations

You are too large for most types of armour.
You have claws for hands.
Your natural rate of healing is unusually fast.
You are covered in fur. (AC +1)
You have tough skin. (AC +1)


Message History

You see here a +4 ring mail.
The troll completely misses you.
The troll claws you but does no damage. x2
The wraith completely misses you. The troll bites you but does no damage.
The troll claws you. x2
The troll closely misses you. The troll claws you! The troll misses you.
There is a stone staircase leading up, spattered with blood here.
The troll bites you! The troll claws you but does no damage.
The troll barely misses you. The troll bites you!
The troll claws you but does no damage. The troll claws you.
The wraith closely misses you.
The gargoyle hurls a stone arrow at you.
The stone arrow misses you.
You climb upwards.
There is a stone staircase leading down here.
The troll bites you! The troll claws you but does no damage.
The troll barely misses you. The wraith hits you!
* * * LOW HITPOINT WARNING * * *
The wraith drains your vigour!
You feel as though you will be slow longer.
The troll bites you.
* * * LOW HITPOINT WARNING * * *
The troll claws you.
* * * LOW HITPOINT WARNING * * *
The troll claws you but does no damage. The wraith closely misses you.
The wraith hits you but does no damage. The wraith misses you.
The wraith hits you!
* * * LOW HITPOINT WARNING * * *
The wraith drains your vigour!
You feel as though you will be slow longer.
As you read the scroll of teleportation, it crumbles to dust.
You feel strangely unstable. The troll bites you.
* * * LOW HITPOINT WARNING * * *
The troll claws you.
* * * LOW HITPOINT WARNING * * *
The troll barely misses you. The wraith barely misses you. The troll bites you!
* * * LOW HITPOINT WARNING * * *
The troll claws you!
You die...

....#......#...'..#..'..#...#..#.
'####.#+#..#...#..##'#..#...#####
......#.[......#...#...........#.
......#........#...#...........#.
#############################..##
.................................
.................................
#################'###############
...............W@................
...............TT................
.................................
###..####...###..#..#....########
..#..#..#........#..#..........#.
..#..#..'..>T....#..#..........#.
..#..#..#........#..#..........#.
..#..#..#<.......#..#..........#.
#################################


You could see 2 trolls and a wraith.

Vanquished Creatures
  A two-headed ogre (D:9)
  Psyche (D:9)
  2 trolls (D:9)
  A wyvern (D:8)
  A wraith (D:9)
  A golden eye (shapeshifter) (D:7)
  A steam dragon (D:8)
  A vampire mosquito (D:5)
  2 water moccasins
  Duvessa (D:7)
  2 orc warriors
  2 black bears
  2 sky beasts
  A necrophage (D:6)
  An ogre (D:3)
  4 centaurs
  A kobold brigand (D:8)
  6 bullfrogs
  A scorpion (D:6)
  A wyvern skeleton (D:7)
  Dowan (D:7)
  2 water moccasin zombies
  3 killer bees (D:9)
  7 wights
  An electric eel (D:7)
  4 bullfrog zombies
  A centaur zombie (D:8)
  3 hounds
  Crazy Yiuf (D:2)
  2 centaur skeletons (D:6)
  2 orc priests
  A gnoll shaman (D:4)
  2 jellies (D:7)
  2 iguanas (D:5)
  2 orc wizards (D:8)
  A hound zombie (D:5)
  A howler monkey zombie (D:6)
  4 gnolls (D:4)
  A howler monkey skeleton (D:6)
  5 adders
  2 river rats (D:5)
  A shadow imp (D:8)
  4 white imps
  An adder skeleton (D:4)
  A worm (D:5)
  A dart slug (D:3)
  16 orcs
  9 ball pythons
  6 endoplasms
  7 giant cockroaches
  5 goblins
  9 hobgoblins
  8 jackals
  5 quokkas
  4 bats (D:2)
  10 frilled lizards
  10 kobolds
  13 rats
191 creatures vanquished.

Notes
Turn   | Place    | Note
-------+----------+-------------------------------------------
     0 | D:1      | pkoi the Troll Monk began the quest for the Orb.
     0 | D:1      | Reached XP level 1. HP: 22/22 MP: 0/0
   211 | D:1      | Reached XP level 2. HP: 20/29 MP: 1/1
   268 | D:1      | Reached skill level 1 in Throwing
   562 | D:1      | Found a faded altar of an unknown god.
   824 | D:2      | Reached XP level 3. HP: 36/36 MP: 2/2
   870 | D:2      | Reached skill level 4 in Unarmed Combat
  1167 | D:2      | Found a runed translucent door.
  1168 | D:2      | Noticed Crazy Yiuf
  1565 | D:2      | Killed Crazy Yiuf
  1632 | D:3      | Reached XP level 4. HP: 44/44 MP: 3/3
  1694 | D:3      | Noticed an ogre
  1770 | D:3      | Reached skill level 5 in Unarmed Combat
  1934 | D:3      | Reached XP level 5. HP: 50/50 MP: 4/4
  1952 | D:3      | Found a white marble altar of Elyvilon.
  2148 | D:3      | Killed an ogre
  2149 | D:3      | Reached skill level 6 in Unarmed Combat
  2229 | D:3      | Noticed lewky's ghost (weakling GrBe)
  2306 | D:3      | Found a runed translucent gate.
  2306 | D:3      | Found a runed translucent gate.
  2306 | D:3      | Found a runed translucent gate.
  2334 | D:3      | Found a hide-covered altar of Uskayaw.
  2485 | D:4      | Found a shimmering blue altar of Sif Muna.
  2639 | D:4      | Reached XP level 6. HP: 33/59 MP: 5/5
  2982 | D:4      | Reached skill level 7 in Unarmed Combat
  3076 | D:4      | Found a sparkling altar of Nemelex Xobeh.
  3246 | D:5      | Entered Level 5 of the Dungeon
  3352 | D:5      | Noticed a sky beast
  3369 | D:5      | Noticed a vampire mosquito
  3385 | D:5      | Killed a vampire mosquito
  3386 | D:5      | Reached XP level 7. HP: 28/66 MP: 6/6
  3545 | D:5      | Identified a scroll of acquirement
  3545 | D:5      | Acquired a manual of Throwing
  3770 | D:5      | Found a glowing drain.
  3780 | D:5      | Reached skill level 8 in Unarmed Combat
  3800 | Sewer    | Entered a sewer
  4450 | D:5      | Found a hazy altar of Hepliaklqana.
  4641 | D:5      | Reached XP level 8. HP: 76/76 MP: 7/7
  4934 | D:6      | Found a staircase to the Ecumenical Temple.
  4949 | Temple   | Entered the Ecumenical Temple
  5006 | Temple   | Became a worshipper of Dithmenos the Shadowed
  5006 | Temple   | Reached * piety under Dithmenos
  5006 | Temple   | Reached ** piety under Dithmenos
  5108 | D:6      | Reached skill level 1 in Evocations
  5212 | D:6      | Reached skill level 9 in Unarmed Combat
  6021 | D:7      | Found a shimmering altar of Xom.
  6167 | D:7      | Noticed Duvessa
  6177 | D:7      | Noticed Dowan
  6179 | D:7      | Killed Duvessa
  6180 | D:7      | Reached XP level 9. HP: 58/84 MP: 8/8
  6190 | D:7      | Killed Dowan
  6272 | D:7      | Noticed Prince Ribbit
  6514 | D:7      | Identified the +7 great mace of Peck {flame, rPois}
  6911 | D:8      | Reached skill level 5 in Throwing
  6911 | D:8      | Reached skill level 10 in Unarmed Combat
  6983 | D:8      | Reached *** piety under Dithmenos
  7078 | D:8      | Found a glowing golden altar of the Shining One.
  7097 | D:8      | Reached skill level 5 in Dodging
  7552 | D:9      | Noticed a two-headed ogre
  7560 | D:9      | Killed a two-headed ogre
  7561 | D:9      | Reached skill level 5 in Fighting
  7561 | D:9      | Reached skill level 1 in Invocations
  7561 | D:9      | Reached XP level 10. HP: 49/96 MP: 8/10
  7609 | D:9      | Found a burning altar of Makhleb.
  7873 | D:9      | Noticed Psyche
  7883 | D:9      | Killed Psyche
  7924 | D:9      | Found an ornate altar of the Wu Jian Council.
  8169 | D:9      | Found a staircase to the Lair.
  8650 | D:10     | Entered Level 10 of the Dungeon
  8672 | D:10     | Found a glowing silver altar of Zin.
  8688 | D:10     | Noticed Josephine
  8689 | D:10     | Noticed a gargoyle
  8738 | D:9      | Slain by a troll

Illustrated notes

Levels and vault maps discovered:
D:1:      lightli_molten_gateway, layout_loops_ring,
          ebering_ecumenical_altar_mist
D:2:      layout_basic, uniq_crazy_yiuf_cottage
D:3:      minmay_evil_eye, layout_basic, nicolae_uskayaw_suspiria,
          marbit_many_paths, gammafunk_ghost_icy
D:4:      layout_loops_ring, mainiacjoe_overflow_paths, led_sif_pool,
          supply_closet_lemuel
D:5:      layout_cave_pods, mainiacjoe_overflow_alcove_4, portal_sewer_entry_b,
          minmay_fractal_squares_5
D:6:      layout_loops_ring, minmay_temple_entry_large_hall
D:7:      layout_loops_ring, tgw_xom, nicolae_water_bricks, st_stairs_5,
          minmay_three_doors, uniq_duvessa, uniq_prince_ribbit1
D:8:      minmay_klotski, layout_gridville, kennysheep_mini_moat
D:9:      layout_grid_maze, bloody_makhleb, lemuel_crystal_altar,
          lair_entry_dummy, minmay_tree_intersection, uniq_psyche
D:10:     layout_big_octagon, mainiacjoe_overflow_surrounded_room,
          mainiacjoe_overflow_chevrons, nicolae_ashenzari_skybound,
          kennysheep_orc_monster_closet_entryway, uniq_josephine, uniq_nergalle,
          uniq_maggie
Temple:   zaba_magenta_temple

Skill      XL: |  1  2  3  4  5  6  7  8  9 10 |
---------------+-------------------------------+-----
Throwing       | 1 3 5 6 |  6.5
Unarmed Combat | 4 5 6 7 8 9 10 | 10.9
Fighting       | 3 4 5 |  5.5
Dodging        | 3 4 5 |  5.5
Evocations     | 2 |  2.8
Invocations    | 1 2 |  2.3
Stealth        | |  1.9

Action                   |  1- 3 |  4- 6 |  7- 9 | 10-12 || total
-------------------------+-------+-------+-------+-------++-------
Melee: Unarmed           |    90 |   164 |   284 |    57 ||   595
       Punch             |     1 |     9 |    10 |     1 ||    21
Throw: Stone             |     3 |       |       |       ||     3
       Large rock        |       |       |     1 |       ||     1
  Use: Scroll            |       |       |     9 |     1 ||    10
 Stab: Sleeping          |     4 |       |     2 |       ||     6
Armor: Robe              |    23 |    26 |    98 |     9 ||   156
       Troll leather arm |       |       |       |    24 ||    24
Dodge: Dodged            |    40 |    75 |   169 |    74 ||   358

Table legend: (Time is in decaauts)
 A = Elapsed time spent in this place.
 B = Non-inter-level travel time spent in this place.
 C = Inter-level travel time spent in this place.
 D = Time resting spent in this place.
 E = Time spent auto-exploring this place.
 F = Levels seen in this place.
 G = Mean time per level.
                   A        B        C        D        E       F      G
               +--------+--------+--------+--------+--------+-----+--------+
         Total |   8814 |   8516 |    298 |    432 |   6375 |  12 |  734.5 |
       Dungeon |   8055 |   7774 |    281 |    432 |   5932 |  10 |  805.5 |
        Temple |     74 |     57 |     17 |      0 |     54 |   1 |   74.0 |
         Sewer |    684 |    684 |      0 |      0 |    388 |   1 |  684.0 |
               +--------+--------+--------+--------+--------+-----+--------+

Top non-repeatable levels by time:
     D:9: 1188 daAuts
     D:5: 1085 daAuts
     D:2: 952 daAuts
     D:7: 915 daAuts
     D:4: 850 daAuts
     D:6: 816 daAuts
     D:3: 769 daAuts
     D:8: 723 daAuts
   Sewer: 684 daAuts
     D:1: 660 daAuts
    D:10: 93 daAuts
  Temple: 74 daAuts
